 Dungeon Crawl Stone Soup version 0.27-a0-1219-g958d993ae5 (webtiles) character file.

Game seed: 7574102862609214588

14 polve the Cutter (level 2, -2/28 HPs)
             Began as a Kobold Berserker on June 6, 2021.
             Was a Follower of Trog.
             Succumbed to a kobold's poison
             ... on level 1 of the Dungeon.
             The game lasted 00:00:36 (498 turns).

polve the Cutter (Kobold Berserker)                  Turns: 498, Time: 00:00:37

Health: -2/28      AC:  2    Str: 14    XL:     2   Next: 60%
Magic:  2/2        EV: 14    Int:  8    God:    Trog [*.....]
Gold:   17         SH:  0    Dex: 14    Spells: 1/1 levels left

rFire    . . .     SeeInvis .   a - +0 short sword
rCold    . . .     Faith    .   (shield restricted)
rNeg     . . .     Spirit   .   b - +0 animal skin
rPois    .         Reflect  .   (no helmet)
rElec    .         Harm     .   (no cloak)
rCorr    .         Rampage  .   (no gloves)
Will     .....                  (no boots)
Stlth    ..........             (no amulet)
HPRegen  0.09/turn              (no ring)
MPRegen  0.08/turn              (no ring)

@: berserking, lethally poisoned (-2 -> -18), very quick
A: small, no large weapons, nightstalker 3
a: Renounce Religion, Berserk


You were on level 1 of the Dungeon.
You worshipped Trog.
Trog was aware of your devotion.
You visited 1 branch of the dungeon, and saw 1 of its levels.

You collected 17 gold pieces.

Inventory:

Hand Weapons
 a - a +0 short sword (weapon)
Armour
 b - a +0 animal skin (worn)
 d - a +0 pair of gloves
Scrolls
 e - a scroll of vulnerability {unknown}
 f - 2 scrolls of identify {unknown}
Potions
 c - 2 potions of mutation {unknown}


   Skills:
 - Level 3.2 Fighting
 - Level 4.0 Short Blades
 + Level 2.4 Armour
 - Level 2.4 Dodging


You had one spell level left.
You didn't know any spells.
Your spell library was empty.

Dungeon Overview and Level Annotations

Branches:
Dungeon (1/15)

Altars:
Sif Muna


Innate Abilities, Weirdness & Mutations

You are small and have problems with some larger weapons.
You are completely attuned to the shadows.


Message History

No target in view!
No target in view!
No target in view!
No target in view!
No target in view!
No target in view!
No target in view!
No target in view!
Found a stone staircase leading down.
There is a stone staircase leading down here.
A kobold comes into view.
It is wielding a +1 short sword of venom.
A kobold is nearby!
The kobold shouts!
You closely miss the kobold. The kobold closely misses you.
You closely miss the kobold. You hit the kobold but do no damage.
The kobold hits you with a +1 short sword of venom.
You are poisoned.
You are too injured to fight recklessly!
You are too injured to fight recklessly!
You are too injured to fight recklessly!
You are too injured to fight recklessly!
You are too injured to fight recklessly!
You are too injured to fight recklessly!
A kobold is nearby!
A kobold is nearby!
You hit the kobold but do no damage.
You feel very sick. The kobold closely misses you.
You barely miss the kobold.
You feel sick.
The kobold hits you with a +1 short sword of venom.
* * * LOW HITPOINT WARNING * * *
You are more poisoned.
You hit the kobold but do no damage.
* * * LOW HITPOINT WARNING * * *
You feel very sick. The kobold closely misses you.
A red film seems to cover your vision as you go berserk!
You feel yourself moving faster!
You feel mighty!
You die...

#.# #.#
#.#####.####
#.#.........
#.#.#.......
#.#.#.......
#.#.########
#######.#.# #
#.....#.#.# ####
#@###.#.#.####...#
#.K.#...#.........
..#.#.....####....
#..#.#.............
#..#.#####.##......
.....#.#.......
#.#..>..........
#.#...#.#.######
................


You could see a kobold.

Vanquished Creatures
  An endoplasm (D:1)
  4 goblins (D:1)
  A hobgoblin (D:1)
  2 kobolds (D:1)
  A quokka (D:1)
  2 ball pythons (D:1)
  A frilled lizard (D:1)
12 creatures vanquished.

Notes
Turn   | Place    | Note
-------+----------+-------------------------------------------
     0 | D:1      | polve the Kobold Berserker began the quest for the Orb.
     0 | D:1      | Reached XP level 1. HP: 14/14 MP: 1/1
    75 | D:1      | Reached XP level 2. HP: 9/19 MP: 2/2
   265 | D:1      | Found a shimmering blue altar of Sif Muna.
   498 | D:1      | Succumbed to a kobold's poison

Illustrated notes

Levels and vault maps discovered:
D:1:      zaba_arrival_water, layout_basic, minmay_hexomino_r4

Skill      XL: |  1 |
---------------+----+-----
Armour         | 2 |  2.4
Fighting       | |  3.2
Short Blades   | |  4.0
Dodging        | |  2.4

Action                   || total
-------------------------++-------
Melee: Short sword       ||    48
Invok: Berserk           ||     1
 Stab: Sleeping          ||     3
Armor: Animal skin       ||     5
Dodge: Dodged            ||    31

Table legend: (Time is in decaauts)
 A = Elapsed time spent in this place.
 B = Non-inter-level travel time spent in this place.
 C = Inter-level travel time spent in this place.
 D = Time resting spent in this place.
 E = Time spent auto-exploring this place.
 F = Levels seen in this place.
 G = Mean time per level.
                   A        B        C        D        E       F      G
               +--------+--------+--------+--------+--------+-----+--------+
         Total |    500 |    500 |      0 |      0 |    420 |   1 |  500.0 |
       Dungeon |    500 |    500 |      0 |      0 |    420 |   1 |  500.0 |
               +--------+--------+--------+--------+--------+-----+--------+

Top non-repeatable levels by time:
     D:1: 500 daAuts
